 Dungeon Crawl Stone Soup version 0.28-a0-425-gd0eccab798 (webtiles) character file.

Game seed: 551346912847292638

35 damiac the Cudgeller (level 3, 31/31 HPs)
             Began as a Draconian Cinder Acolyte on Sept 10, 2021.
             Was a High Priest of Ignis.
             Quit the game on level 2 of the Dungeon.
             The game lasted 00:06:55 (1429 turns).

damiac the Cudgeller (Draconian Cinder Acolyte)     Turns: 1429, Time: 00:06:55

Health: 31/31      AC:  5    Str: 16    XL:     3   Next: 16%
Magic:  4/4        EV: 11    Int: 14    God:    Ignis [*****.]
Gold:   43         SH:  0    Dex:  7    Spells: 2/4 levels left

rFire   + . .      SeeInvis .   b - +2 mace (pain)
rCold   . . .      Faith    .   (no shield)
rNeg    . . .      Spirit   .   (armour unavailable)
rPois   .          Reflect  .   (helmet restricted)
rElec   .          Harm     .   (no cloak)
rCorr   +          Rampage  .   (no gloves)
Will    .....                   (no boots)
Stlth   +.........              (no amulet)
HPRegen 0.10/turn               e - ring of resist corrosion
MPRegen 0.09/turn               (no ring)

@: no status effects
A: AC +5, unfitting armour, cold-blooded
a: Renounce Religion, Sea of Fire, Foxfire Swarm, Rising Flame


You were on level 2 of the Dungeon.
You worshipped Ignis.
Ignis was extremely pleased with you.
You visited 1 branch of the dungeon, and saw 2 of its levels.

You collected 43 gold pieces.

Inventory:

Hand Weapons
 a - a -1 mace of flaming
 b - a +2 mace of pain (weapon)
Missiles
 d - 93 stones
Jewellery
 e - a ring of resist corrosion (left hand)
Scrolls
 g - a scroll of immolation {unknown}
 h - a scroll of teleportation {unknown}
Potions
 c - a potion of attraction {unknown}
 f - a potion of curing {unknown}


   Skills:
 + Level 3.4 Fighting
 * Level 3.5 Maces & Flails
 + Level 0.4 Dodging
 + Level 1.2 Spellcasting
 + Level 3.5 Fire Magic


You had 2 spell levels left.
You knew the following spells:

 Your Spells              Type           Power      Damage    Failure   Level
a - Scorch                Fire           20%        2d6       10%         2

Your spell library contained the following spells:

 Spells                   Type           Power      Damage    Failure   Level


Dungeon Overview and Level Annotations

Branches:
Dungeon (2/15)

Altars:


Innate Abilities, Weirdness & Mutations

Your plain brown scales are hard. (AC +5)
You cannot fit into any form of body armour.
You are cold-blooded and may be slowed by cold attacks.


Message History

The hobgoblin is moderately wounded.
The hobgoblin hits you.
You closely miss the hobgoblin.
The hobgoblin is moderately wounded.
The hobgoblin hits you but does no damage.
You closely miss the hobgoblin.
The hobgoblin is moderately wounded.
The hobgoblin hits you.
You completely miss the hobgoblin.
The hobgoblin is moderately wounded.
The hobgoblin barely misses you. x2
You hit the hobgoblin.
The hobgoblin is heavily wounded.
The hobgoblin hits you but does no damage.
You hit the hobgoblin.
The hobgoblin is severely wounded.
The hobgoblin closely misses you.
You barely miss the hobgoblin.
The hobgoblin is severely wounded.
The hobgoblin hits you.
You hit the hobgoblin.
The hobgoblin is almost dead.
The hobgoblin misses you. The hobgoblin barely misses you.
You hit the hobgoblin.
You kill the hobgoblin!
You see here a hobgoblin corpse.
You now have 30 gold pieces (gained 18).
Found a stone staircase leading down.
Okay, then.
Found a leather armour.
There is a stone staircase leading down here.
You now have 43 gold pieces (gained 13).
Found a stone staircase leading down.
Okay, then.
Okay, then.
Unknown command.
Are you sure you want to abandon this character and quit the game? (Confirm with "yes".)
Okay, then.
Unknown command.
Are you sure you want to abandon this character and quit the game? (Confirm with "yes".)

>..#### .....###
#........#
#.#......
##.#....# ..
.... #.##.#
#.#.@#####.
#####...........
#........####.#.
...####>#......
#..#...... .#
####.#......# #.
..##..........##
#.##
#.##...###.##..#
##...##.##..##
.....#


There were no monsters in sight!

Vanquished Creatures
  An adder (D:2)
  3 endoplasms (D:1)
  A giant cockroach (D:1)
  2 goblins (D:1)
  3 hobgoblins
  3 jackals (D:1)
  2 quokkas
  4 ball pythons (D:1)
  A frilled lizard (D:1)
  A kobold (D:1)
  2 rats (D:2)
23 creatures vanquished.

Notes
Turn   | Place    | Note
-------+----------+-------------------------------------------
     0 | D:1      | damiac the Draconian Cinder Acolyte began the quest for the
                  | Orb.
     0 | D:1      | Reached XP level 1. HP: 19/19 MP: 2/2
   220 | D:1      | Reached XP level 2. HP: 18/26 MP: 3/3
   768 | D:1      | Learned a level 2 spell: Scorch
  1055 | D:2      | Reached XP level 3. HP: 18/31 MP: 1/4
  1429 | D:2      | Quit the game

Illustrated notes

Levels and vault maps discovered:
D:1:      mrwooster_arrival_statue_3, layout_basic
D:2:      layout_rooms, dreamdust_ecumenical_altar_sealed_demon,
          minmay_fractal_squares_gapless_5, uniq_sigmund, uniq_jessica

Action                   || total
-------------------------++-------
Melee: Mace              ||    59
       Tailslap          ||     6
 Cast: Scorch            ||     1
Invok: Sea of Fire       ||     1
Armor: Skin              ||    15
Dodge: Dodged            ||    36

Table legend: (Time is in decaauts)
 A = Elapsed time spent in this place.
 B = Non-inter-level travel time spent in this place.
 C = Inter-level travel time spent in this place.
 D = Time resting spent in this place.
 E = Time spent auto-exploring this place.
 F = Levels seen in this place.
 G = Mean time per level.
                   A        B        C        D        E       F      G
               +--------+--------+--------+--------+--------+-----+--------+
         Total |   1444 |   1276 |    168 |      0 |   1095 |   2 |  722.0 |
       Dungeon |   1444 |   1276 |    168 |      0 |   1095 |   2 |  722.0 |
               +--------+--------+--------+--------+--------+-----+--------+

Top non-repeatable levels by time:
     D:1: 1061 daAuts
     D:2: 383 daAuts
